 Dungeon Crawl Stone Soup version 0.28.0-43-g3370ac3207 (webtiles) character file.

Game seed: 16006062843570484328

56 safid the Skirmisher (level 3, -3/33 HPs)
             Began as a Hill Orc Fighter on Mar 12, 2022.
             Was an Initiate of Beogh.
             Slain by an orc
             ... wielding a +0 hand axe
              (4 damage)
             ... on level 3 of the Dungeon.
             The game lasted 00:02:13 (2664 turns).

safid the Skirmisher (Hill Orc Fighter)             Turns: 2664, Time: 00:02:14

Health: -3/33      AC:  8    Str: 20    XL:     3   Next: 97%
Magic:  3/3        EV:  9    Int:  8    God:    Beogh [......]
Gold:   87         SH:  4    Dex: 10    Spells: 2/2 levels left

rFire   . . .      SeeInvis .   a - +0 war axe
rCold   . . .      Faith    .   c - +0 buckler
rNeg    . . .      Spirit   .   b - +0 scale mail
rPois   .          Reflect  .   (no helmet)
rElec   .          Harm     .   (no cloak)
rCorr   .          Rampage  .   (no gloves)
Will    .....                   e - +0 pair of boots
Stlth   ..........              (no amulet)
HPRegen 0.11/turn               (no ring)
MPRegen 0.08/turn               (no ring)

@: no status effects
A: no striking features
a: Renounce Religion


You were on level 3 of the Dungeon.
You worshipped Beogh.
Beogh was noncommittal.
You visited 1 branch of the dungeon, and saw 3 of its levels.

You collected 87 gold pieces.

Inventory:

Hand Weapons
 a - a +0 war axe (weapon)
Armour
 b - a +0 scale mail (worn)
 c - a +0 buckler (worn)
 e - a +0 pair of boots (worn)
Scrolls
 f - 6 scrolls of identify {unknown}
 g - a scroll of amnesia {unknown}
 i - a scroll of torment {unknown}
Potions
 d - a potion of might
 h - a potion of flight {unknown}


   Skills:
 - Level 4.0 Fighting
 + Level 3.6 Axes
 + Level 3.9 Armour
 - Level 4.0 Shields


You had 2 spell levels left.
You didn't know any spells.
Your spell library contained the following spells:

 Spells                   Type           Power      Damage    Failure   Level
 Ozocubu's Armour         Ice            0%         N/A       99%         3
 Ozocubu's Refrigeration  Ice            0%         4d5       100%        7


Dungeon Overview and Level Annotations

Branches:
Dungeon (3/15)

Altars:


Message History

Unknown command.
You hit the orc but do no damage.
The orc is heavily wounded.
The orc hits you with a +0 short sword.
Unknown command.
You slash the orc!
The orc is almost dead.
The orc closely misses you.
Unknown command.
You hit the orc but do no damage.
The orc is almost dead.
The orc hits you with a +0 flail.
Unknown command.
You completely miss the orc.
The orc is almost dead.
You block the orc's attack.
Unknown command.
You hit the orc.
You kill the orc!
Beogh accepts your kill.
Training target 4.0 for Shields reached!
Your Shields skill increases to level 4!
Unknown command.
You barely miss the orc.
The orc is heavily wounded.
The orc hits you but does no damage. x2
Unknown command.
You hit the orc.
The orc is heavily wounded.
The orc hits you with a +0 short sword.
The orc priest mumbles some strange prayers to Beogh against you.
Beogh smites you!
* * * LOW HITPOINT WARNING * * *
Unknown command.
You slash the orc!
You kill the orc!
Beogh accepts your kill. The orc hits you with a +0 hand axe.
You die...
Beogh appreciates the orc's killing of a heretic priest.

#.# #..# #.# ##.# ...# #.#
#.## ..# #.. #.# #..# ..# #.#
#.# ##.# ..# #.# #.# #.## #o#
#.# #.# #..# #o# #.# #.# ##.#
#o# #.# #.# #.###@###########
#.#
#.######..##...........###.##
#............................
####...).............#.######
#.#####.#####.###.#.# #.#
#.## #.# #.#.# #.# #..# #.#
#.#.# #.# ##.####.###.#.# #.#
#..........#.#


You could see an orc priest and 2 orcs.

Vanquished Creatures
  An adder (D:2)
  5 orcs
  5 ball pythons
  4 endoplasms (D:2)
  4 giant cockroaches
  3 goblins
  5 hobgoblins
  A quokka (D:2)
  2 bats (D:2)
  A frilled lizard (D:2)
  6 kobolds
  3 rats
40 creatures vanquished.

Notes
Turn   | Place    | Note
-------+----------+-------------------------------------------
     0 | D:1      | safid the Hill Orc Fighter began the quest for the Orb.
     0 | D:1      | Reached XP level 1. HP: 19/19 MP: 1/1
   219 | D:1      | Reached XP level 2. HP: 27/27 MP: 2/2
   220 | D:1      | Found a faded altar of an unknown god.
  1112 | D:1      | You fall into a shaft and drop 1 floor!
  1479 | D:2      | Reached XP level 3. HP: 4/33 MP: 3/3
  2242 | D:2      | Became a worshipper of Beogh the Brigand
  2663 | D:3      | HP: 1/33 [orc priest/divine providence (12)]
  2664 | D:3      | Slain by an orc

Illustrated notes

Levels and vault maps discovered:
D:1:      giann_forest_graveyard, layout_basic, basic_ecumenical_altar,
          st_stairs_3
D:2:      layout_basic, chequers_serial_rivers_micro_e
D:3:      layout_basic, jmf_multi_god_temple2

Skill      XL: |  1  2  3 |
---------------+----------+-----
Axes           | 3 |  3.6
Fighting       | 4 |  4.0
Shields        | 4 |  4.0
Armour         | |  3.9

Action                   || total
-------------------------++-------
Melee: War axe           ||   132
Invok: Convert to Beogh  ||     1
Armor: Scale mail        ||    71
Dodge: Dodged            ||    50
Block: Buckler           ||    29
